TOP OF THE 1ST |
Lehigh Valley IronPigs batting - Pitching for Sacramento River Cats : RHP John Delaney
|
Pitching: RHP John Delaney
|
|
Batting: RHB Mark Schultz
|
0-0: Swinging Strike 0-1: Ball 1-1: Ball 2-1: Fly out, F8 (Flyball, 8LS, EV 87.5 MPH)
|
Batting: RHB Alberto Ramirez
|
0-0: Ball 1-0: Ground out 3-1 (Groundball, 34S, EV 90.0 MPH)
|
Batting: LHB Josh George
|
0-0: Called Strike 0-1: Ball 1-1: Called Strike 1-2: Ball 2-2: Foul Ball, location: 2F 2-2: Strikes out swinging
|
Top of the 1st over - 0 runs, 0 hits, 0 errors, 0 left on base; Lehigh Valley 0 - Sacramento 0 |
BOTTOM OF THE 1ST |
Sacramento River Cats batting - Pitching for Lehigh Valley IronPigs : RHP Jeff Dailey
|
Pitching: RHP Jeff Dailey
|
|
Batting: LHB Kevin Kantor
|
0-0: Ball 1-0: Ground out 2-3 (Groundball, 2L, EV 69.4 MPH)
|
Batting: LHB Mason Duffy
|
0-0: Ball 1-0: Called Strike 1-1: Ball 2-1: Foul Ball, location: 2F 2-2: SINGLE (Line Drive, 7S, EV 110.6 MPH)
|
Batting: LHB Ryan Braden
|
0-0: Ball 1-0: Called Strike 1-1: Ball 2-1: Called Strike 2-2: Ball 3-2: Fielders Choice at 2nd, 4-6 (Groundball, 4, EV 81.2 MPH)
|
Batting: LHB Willie Ceniceros
|
0-0: Ball 1-0: Ball 2-0: Foul Ball, location: 2F 2-1: Fly out, F7 (Line Drive, 7, EV 94.4 MPH)
|
Bottom of the 1st over - 0 runs, 1 hit, 0 errors, 1 left on base; Lehigh Valley 0 - Sacramento 0 |
TOP OF THE 2ND |
Lehigh Valley IronPigs batting - Pitching for Sacramento River Cats : RHP John Delaney
|
Batting: LHB Jose Carlos
|
0-0: Ball 1-0: Called Strike 1-1: Ball 2-1: Called Strike 2-2: Ball 3-2: Fly out, F9 (Flyball, 9LSF, EV 93.8 MPH)
|
Batting: RHB Victor Arroyo
|
0-0: Called Strike 0-1: Fly out, F4 (Popup, 34S, EV 88.8 MPH)
|
Batting: RHB Carlos Morejon
|
0-0: Ball 1-0: Ball 2-0: Called Strike 2-1: Ball 3-1: Called Strike 3-2: Ground out 5-3 (Groundball, 5L, EV 88.8 MPH)
|
Top of the 2nd over - 0 runs, 0 hits, 0 errors, 0 left on base; Lehigh Valley 0 - Sacramento 0 |
BOTTOM OF THE 2ND |
Sacramento River Cats batting - Pitching for Lehigh Valley IronPigs : RHP Jeff Dailey
|
Batting: RHB Brian Rogers
|
0-0: Ball 1-0: Called Strike 1-1: Swinging Strike 1-2: Strikes out looking
|
Batting: LHB Jared Paige
|
0-0: Ball 1-0: Called Strike 1-1: Ball 2-1: Foul Ball, location: 2F 2-2: Strikes out swinging
|
Batting: RHB Troy Trice
|
0-0: Ball 1-0: Fly out, F8 (Flyball, 8LD, EV 82.5 MPH)
|
Bottom of the 2nd over - 0 runs, 0 hits, 0 errors, 0 left on base; Lehigh Valley 0 - Sacramento 0 |
TOP OF THE 3RD |
Lehigh Valley IronPigs batting - Pitching for Sacramento River Cats : RHP John Delaney
|
Batting: RHB Moritake Fukumoto
|
0-0: Ball 1-0: Called Strike 1-1: Ball 2-1: Called Strike 2-2: Ball 3-2: Foul Ball, location: 2F 3-2: Base on Balls
|
Batting: RHB Kyle Reilly
|
0-0: Called Strike 0-1: Called Strike 0-2: Ball 1-2: Grounds into double play, 5-4-3 (Groundball, 56S, EV 85.6 MPH)
|
Batting: RHB Bill Moldenhauer
|
0-0: Ball 1-0: SINGLE (Groundball, 6D, EV 94.4 MPH)
|
Batting: RHB Mark Schultz
|
0-0: Called Strike 0-1: Foul Ball, location: 2F 0-2: Ball 1-2: Ball 2-2: Fly out, F8 (Flyball, 78M, EV 94.4 MPH)
|
Top of the 3rd over - 0 runs, 1 hit, 0 errors, 1 left on base; Lehigh Valley 0 - Sacramento 0 |
BOTTOM OF THE 3RD |
Sacramento River Cats batting - Pitching for Lehigh Valley IronPigs : RHP Jeff Dailey
|
Batting: RHB Justin Baldwin
|
0-0: Ball 1-0: Called Strike 1-1: Fly out, F3 (Line Drive, 3L, EV 70.0 MPH)
|
Batting: RHB Matt Shepard
|
0-0: SINGLE (Groundball, 4S, EV 70.6 MPH) (infield hit)
|
Batting: LHB Kevin Kantor
|
0-0: Swinging Strike 0-1: Fielders Choice at 2nd, 1-6 (Groundball, P, EV 70.6 MPH)
|
Batting: LHB Mason Duffy
|
0-0: Ball Kevin Kantor is caught stealing 2nd base 2-6
|
Bottom of the 3rd over - 0 runs, 1 hit, 0 errors, 0 left on base; Lehigh Valley 0 - Sacramento 0 |
TOP OF THE 4TH |
Lehigh Valley IronPigs batting - Pitching for Sacramento River Cats : RHP John Delaney
|
Batting: RHB Alberto Ramirez
|
0-0: Ball 1-0: Swinging Strike 1-1: Foul Ball, location: 2F 1-2: Foul Ball, location: 2F 1-2: Foul Ball, location: 2F 1-2: Ball 2-2: Foul Ball, location: 2F 2-2: Foul Ball, location: 2F 2-2: Ground out 4-3 (Groundball, 4, EV 85.6 MPH)
|
Batting: LHB Josh George
|
0-0: Ball 1-0: Called Strike 1-1: SINGLE (Groundball, 3D, EV 111.2 MPH)
|
Batting: LHB Jose Carlos
|
0-0: Swinging Strike 0-1: Swinging Strike 0-2: Ball 1-2: Ball 2-2: Strikes out swinging
|
Batting: RHB Victor Arroyo
|
0-0: Ball 1-0: Called Strike 1-1: Called Strike 1-2: Strikes out looking and he ARGUES THE CALL AND IS TOSSED!
|
Top of the 4th over - 0 runs, 1 hit, 0 errors, 1 left on base; Lehigh Valley 0 - Sacramento 0 |
BOTTOM OF THE 4TH |
Sacramento River Cats batting - Pitching for Lehigh Valley IronPigs : RHP Jeff Dailey
|
Now at 1B: Marco de Leon
|
|
Batting: LHB Mason Duffy
|
0-0: Ball 1-0: SINGLE (Line Drive, 7S, EV 106.2 MPH)
|
Batting: LHB Ryan Braden
|
0-0: Foul Ball, location: 2F 0-1: Ball 1-1: Ball Mason Duffy steals 2nd, throwing error, E2 Mason Duffy to third 2-1: Swinging Strike 2-2: Ball 3-2: SINGLE (Groundball, 4MS, EV 71.9 MPH) (infield hit) Mason Duffy scores
|
Batting: LHB Willie Ceniceros
|
0-0: Called Strike 0-1: Ball 1-1: Called Strike Ryan Braden is caught stealing 2nd base 2-6 1-2: Strikes out swinging
|
Batting: RHB Brian Rogers
|
0-0: Ball 1-0: Ball 2-0: SINGLE (Groundball, 6D, EV 106.9 MPH)
|
Batting: LHB Jared Paige
|
0-0: Foul Ball, location: 2F 0-1: Fly out, F8 (Flyball, 78M, EV 89.4 MPH)
|
Bottom of the 4th over - 1 run, 3 hits, 1 error, 1 left on base; Lehigh Valley 0 - Sacramento 1 |
TOP OF THE 5TH |
Lehigh Valley IronPigs batting - Pitching for Sacramento River Cats : RHP John Delaney
|
Batting: RHB Carlos Morejon
|
0-0: Called Strike 0-1: Foul Ball, location: 2F 0-2: Ball 1-2: Ball 2-2: Fly out, F8 (Flyball, 8LS, EV 83.1 MPH)
|
Batting: RHB Moritake Fukumoto
|
0-0: Called Strike 0-1: Ground out 5-3 (Groundball, 25, EV 81.2 MPH)
|
Batting: RHB Kyle Reilly
|
0-0: Ball 1-0: Called Strike 1-1: Called Strike 1-2: Ball 2-2: Strikes out swinging
|
Top of the 5th over - 0 runs, 0 hits, 0 errors, 0 left on base; Lehigh Valley 0 - Sacramento 1 |
BOTTOM OF THE 5TH |
Sacramento River Cats batting - Pitching for Lehigh Valley IronPigs : RHP Jeff Dailey
|
Batting: RHB Troy Trice
|
0-0: Swinging Strike 0-1: Called Strike 0-2: SINGLE (Groundball, 4MD, EV 97.5 MPH) (infield hit)
|
Batting: RHB Justin Baldwin
|
0-0: Called Strike 0-1: Foul Ball, location: 2F 0-2: Strikes out swinging
|
Batting: RHB Matt Shepard
|
0-0: Ball Troy Trice steals 2nd base 1-0: Foul Ball, location: 2F 1-1: Called Strike 1-2: Ball 2-2: Ball 3-2: Base on Balls
|
Batting: LHB Kevin Kantor
|
0-0: Foul Ball, location: 2F 0-1: Foul Ball, location: 2F 0-2: Ball 1-2: Ball 2-2: Strikes out swinging
|
Batting: LHB Mason Duffy
|
0-0: SINGLE (Line Drive, 9S, EV 100.0 MPH) Troy Trice to third Matt Shepard to second Runner from 3rd tries for Home, SAFE, throw by RF to home
|
Batting: LHB Ryan Braden
|
0-0: Ball 1-0: Called Strike 1-1: Fly out, F8 (Flyball, 78M, EV 85.0 MPH)
|
Bottom of the 5th over - 1 run, 2 hits, 0 errors, 2 left on base; Lehigh Valley 0 - Sacramento 2 |
TOP OF THE 6TH |
Lehigh Valley IronPigs batting - Pitching for Sacramento River Cats : RHP John Delaney
|
Batting: RHB Bill Moldenhauer
|
0-0: Ball 1-0: Ball 2-0: Foul Ball, location: 2F 2-1: Ground out 6-3 (Groundball, 6, EV 78.8 MPH)
|
Batting: RHB Mark Schultz
|
0-0: Swinging Strike 0-1: Ball 1-1: Foul Ball, location: 2F 1-2: Foul Ball, location: 2F 1-2: Ball 2-2: Ground out 1-3 (Groundball, 13, EV 58.8 MPH)
|
Batting: RHB Alberto Ramirez
|
0-0: Called Strike 0-1: Foul Ball, location: 2F 0-2: Strikes out looking
|
Top of the 6th over - 0 runs, 0 hits, 0 errors, 0 left on base; Lehigh Valley 0 - Sacramento 2 |
BOTTOM OF THE 6TH |
Sacramento River Cats batting - Pitching for Lehigh Valley IronPigs : RHP Jeff Dailey
|
Batting: LHB Willie Ceniceros
|
0-0: Foul Ball, location: 2F 0-1: Ball 1-1: Foul Ball, location: 2F 1-2: Strikes out looking
|
Batting: RHB Brian Rogers
|
0-0: Ball 1-0: Called Strike 1-1: Ball 2-1: SOLO HOME RUN (Flyball, 78XD, EV 115.0 MPH), Distance : 432 ft
|
Batting: LHB Jared Paige
|
0-0: Called Strike 0-1: Called Strike 0-2: Foul Ball, location: 2F 0-2: Ball 1-2: DOUBLE (Flyball, 8LXD, EV 91.2 MPH)
|
Batting: RHB Troy Trice
|
0-0: Ball 1-0: Foul Ball, location: 2F 1-1: Ball 2-1: Ball 3-1: Called Strike 3-2: Ground out 6-3 (Groundball, 6, EV 83.8 MPH) Jared Paige to third
|
Batting: RHB Justin Baldwin
|
0-0: Called Strike 0-1: Fly out, F8 (Flyball, 78D, EV 96.2 MPH)
|
Bottom of the 6th over - 1 run, 2 hits, 0 errors, 1 left on base; Lehigh Valley 0 - Sacramento 3 |
TOP OF THE 7TH |
Lehigh Valley IronPigs batting - Pitching for Sacramento River Cats : RHP John Delaney
|
Now at 1B: Kevin Kantor
|
|
Now at 2B: Matt Shepard
|
|
Now at 3B: Billy Pranger
|
|
Now in LF: Ryan Braden
|
|
Now in CF: Hugo Zacarias
|
|
Batting: LHB Josh George
|
0-0: Reached on error, E9 (Flyball, 9LS, EV 86.2 MPH)
|
Batting: LHB Jose Carlos
|
0-0: Ball 1-0: Swinging Strike 1-1: Foul Ball, location: 2F 1-2: Strikes out swinging
|
Batting: SHB Marco de Leon
|
0-0: Swinging Strike 0-1: Foul Ball, location: 2F 0-2: Ball 1-2: Ball 2-2: Foul Ball, location: 2F 2-2: Foul Ball, location: 2F 2-2: Fly out, F8 (Flyball, 8RS, EV 89.4 MPH)
|
Pitching: RHP Doug Kennie
|
|
Batting: RHB Carlos Morejon
|
0-0: Foul Ball, location: 2F 0-1: Called Strike 0-2: Strikes out looking
|
Top of the 7th over - 0 runs, 0 hits, 1 error, 1 left on base; Lehigh Valley 0 - Sacramento 3 |
BOTTOM OF THE 7TH |
Sacramento River Cats batting - Pitching for Lehigh Valley IronPigs : RHP Jeff Dailey
|
Batting: RHB Matt Shepard
|
0-0: Called Strike 0-1: Ball 1-1: Ball 2-1: Ball 3-1: Called Strike 3-2: Fly out, F8 (Flyball, 8RD, EV 98.8 MPH)
|
Pitching: LHP Ignacio Amaya
|
|
Batting: LHB Kevin Kantor
|
0-0: Foul Ball, location: 2F 0-1: DOUBLE (Line Drive, 7LM, EV 99.4 MPH)
|
Batting: LHB Mason Duffy
|
0-0: Called Strike 0-1: Ball 1-1: Swinging Strike 1-2: Foul Ball, location: 2F 1-2: Ball 2-2: Ground out 5-3 (Groundball, 5S, EV 86.2 MPH)
|
Batting: LHB Ryan Braden
|
0-0: Called Strike 0-1: Foul Ball, location: 2F 0-2: Ground out U3 (Groundball, 23, EV 82.5 MPH)
|
Bottom of the 7th over - 0 runs, 1 hit, 0 errors, 1 left on base; Lehigh Valley 0 - Sacramento 3 |
TOP OF THE 8TH |
Lehigh Valley IronPigs batting - Pitching for Sacramento River Cats : RHP Doug Kennie
|
Batting: RHB Moritake Fukumoto
|
0-0: Foul Ball, location: 2F 0-1: Ball 1-1: Swinging Strike 1-2: Ground out 6-3 (Groundball, 6, EV 85.6 MPH)
|
Batting: RHB Kyle Reilly
|
0-0: Swinging Strike 0-1: Called Strike 0-2: Ground out 6-3 (Groundball, 6, EV 88.8 MPH)
|
Batting: RHB Bill Moldenhauer
|
0-0: Called Strike 0-1: Swinging Strike 0-2: Foul Ball, location: 2F 0-2: Ball 1-2: Strikes out swinging
|
Top of the 8th over - 0 runs, 0 hits, 0 errors, 0 left on base; Lehigh Valley 0 - Sacramento 3 |
BOTTOM OF THE 8TH |
Sacramento River Cats batting - Pitching for Lehigh Valley IronPigs : LHP Ignacio Amaya
|
Pitching: RHP Dustin Greaves
|
|
Batting: LHB Willie Ceniceros
|
0-0: Fly out, F7 (Flyball, 7, EV 83.1 MPH)
|
Batting: RHB Hugo Zacarias
|
0-0: Ball 1-0: Ball 2-0: Ball 3-0: Base on Balls
|
Batting: LHB Jared Paige
|
0-0: Ball 1-0: Foul Ball, location: 2F 1-1: Swinging Strike 1-2: Fly out, F7 (Flyball, 78S, EV 81.9 MPH)
|
Batting: RHB Billy Pranger
|
0-0: Ball 1-0: Foul Ball, location: 2F 1-1: Ball Hugo Zacarias steals 2nd base (no throw) 2-1: Foul Ball, location: 2F 2-2: Ball 3-2: Foul Ball, location: 2F 3-2: Base on Balls
|
Batting: RHB Justin Baldwin
|
0-0: Foul Ball, location: 2F 0-1: Foul Ball, location: 2F 0-2: Ground out 3-1 (Groundball, 34, EV 98.8 MPH)
|
Bottom of the 8th over - 0 runs, 0 hits, 0 errors, 2 left on base; Lehigh Valley 0 - Sacramento 3 |
TOP OF THE 9TH |
Lehigh Valley IronPigs batting - Pitching for Sacramento River Cats : RHP Doug Kennie
|
Pitching: RHP Takashi Kino
|
|
Batting: RHB Mark Schultz
|
0-0: Ball 1-0: Ball 2-0: Foul Ball, location: 2F 2-1: Fly out, F8 (Flyball, 8LD, EV 103.8 MPH)
|
Batting: RHB Alberto Ramirez
|
0-0: SINGLE (Groundball, 4D, EV 98.8 MPH)
|
Batting: LHB Josh George
|
0-0: Ball 1-0: Ball 2-0: Called Strike 2-1: Ball 3-1: Called Strike 3-2: Strikes out looking Alberto Ramirez steals 2nd base Batter strikes out.
|
Batting: LHB Jose Carlos
|
0-0: Ball 1-0: Called Strike 1-1: SINGLE (Groundball, 5D, EV 100.6 MPH) Alberto Ramirez to third
|
Batting: SHB Marco de Leon
|
0-0: Fly out, F9 (Flyball, 9LSF, EV 78.8 MPH)
|
Top of the 9th over - 0 runs, 2 hits, 0 errors, 2 left on base; Lehigh Valley 0 - Sacramento 3 |
|